[Event "European Online Club-ch-I 2021"]
[Site "Online"]
[Date "2021.03.27"]
[Round "4.6"]
[White "Godart, Francois"]
[Black "Mladek, Richard"]
[Result "1-0"]
[ECO "C33"]
[WhiteElo "2422"]
[BlackElo "2291"]
[Annotator "NA"]
[PlyCount "95"]
[EventDate "2021.03.27"]
[EventType "team-tourn"]
[EventCountry "NET"]
[SourceTitle "playchess.com"]
[Source "ChessBase"]
[SourceQuality "1"]
[TimeControl "900+5"]

1. e4 e5 2. f4 exf4 3. Nc3 Qh4+ 4. Ke2 g5 5. Nf3 Qh5 6. d4 d6 7. Kf2 Nf6 8. Bc4 g4 9. Ne1 g3+ 10. Kg1 Bg4 11. Nf3 Bxf3 12. Qxf3 Qxf3 13. gxf3 Nc6 14. Bb5 gxh2+ 15. Rxh2 Rg8+ 16. Kf2 a6 17. Bxc6+ bxc6 18. Bxf4 Rb8 19. b3 Bg7 20. e5 Nd7 21. Rxh7 Nf8 22. Rh5 Ne6 23. Be3 c5 24. d5 Nd4 25. Bxd4 cxd4 26. Ne2 dxe5 27. Rg1 f6 28. f4 Kf7 29. fxe5 fxe5 30. Kf3 Rh8 31. Rf5+ Bf6 32. Ke4 Rh4+ 33. Kd3 e4+ 34. Kd2 Rh2 35. Rg4 Rb5 36. Rgf4 Rb6 37. Rxe4 Kg6 38. Rf3 Rd6 39. Kd3 c6 40. Nf4+ Kg7 41. dxc6 Rxc6 42. Nd5 Rcxc2 43. Rg4+ Bg5 44. Rxg5+ Kh6 45. Rgg3 Rxa2 46. Rh3+ Rxh3 47. Rxh3+ Kg5 48. Kxd4 1-0

[Event "European Online Club-ch-I 2021"]
[Site "Online"]
[Date "2021.03.27"]
[Round "4.7"]
[White "Eret, Matous"]
[Black "Marechal, Andy"]
[Result "0-1"]
[ECO "B40"]
[WhiteElo "2255"]
[BlackElo "2332"]
[Annotator "NA"]
[PlyCount "108"]
[EventDate "2021.03.27"]
[EventType "team-tourn"]
[EventCountry "NET"]
[SourceTitle "playchess.com"]
[Source "ChessBase"]
[SourceQuality "1"]
[TimeControl "900+5"]

1. e4 e6 2. d3 c5 3. Nf3 Nc6 4. Be2 g6 5. O-O Bg7 6. Nbd2 d6 7. Kh1 Nge7 8. c3 e5 9. a4 O-O 10. Nc4 h6 11. Ng1 d5 12. exd5 Nxd5 13. Bf3 Be6 14. Ne2 Qd7 15. a5 Rad8 16. Qa4 Nde7 17. Be3 Qxd3 18. Na3 Bd5 19. Ng1 Bxf3 20. Nxf3 b6 21. Nc4 Rb8 22. Rfd1 Qf5 23. axb6 axb6 24. Qb5 e4 25. Ng1 Ne5 26. Nd6 Qe6 27. h3 Nd3 28. Nxe4 Nxb2 29. Qxb2 Qxe4 30. Ra7 Nd5 31. Bd2 Qd3 32. Qc1 Nxc3 33. Re1 Ne4 34. Be3 Kh7 35. Nf3 Nf6 36. Kg1 Rbe8 37. Rd1 Qf5 38. Rb7 Re6 39. Bf4 g5 40. Bg3 Ne4 41. Rf1 h5 42. h4 g4 43. Ng5+ Nxg5 44. hxg5 Kg6 45. Rd7 Rfe8 46. Qa3 Qxg5 47. Qd3+ Qf5 48. Qxf5+ Kxf5 49. Rxf7+ Kg6 50. Rc7 Bf6 51. Kh2 h4 52. Bf4 Kf5 53. Bd2 Be5+ 54. Kg1 Bxc7 0-1

[Event "European Online Club-ch-I 2021"]
[Site "Online"]
[Date "2021.03.27"]
[Round "4.8"]
[White "Dishman, Stephen"]
[Black "Stinka, Jakub"]
[Result "1-0"]
[ECO "E04"]
[WhiteElo "2316"]
[BlackElo "2232"]
[Annotator "NA"]
[PlyCount "127"]
[EventDate "2021.03.27"]
[EventType "team-tourn"]
[EventCountry "NET"]
[SourceTitle "playchess.com"]
[Source "ChessBase"]
[SourceQuality "1"]
[TimeControl "900+5"]

1. Nf3 Nf6 2. c4 e6 3. g3 d5 4. d4 dxc4 5. Bg2 Nc6 6. Qa4 Bb4+ 7. Bd2 Nd5 8. Qb5 O-O 9. Qxc4 Nb6 10. Qd3 e5 11. Bxb4 Nxb4 12. Qd2 Nc6 13. dxe5 Bg4 14. O-O Qe7 15. Qc3 Rfe8 16. Nbd2 Nxe5 17. Nxe5 Qxe5 18. Qxe5 Rxe5 19. e3 c6 20. h3 Bd7 21. Rfc1 Rd8 22. Nb3 Bc8 23. Nd4 f6 24. b4 a6 25. a4 Re7 26. b5 axb5 27. axb5 cxb5 28. Nxb5 Be6 29. Rab1 Bd5 30. Nd4 Bxg2 31. Kxg2 Nd5 32. Kf3 Kf7 33. Rb3 Red7 34. Rcb1 b6 35. g4 g6 36. Nc6 Rc8 37. Nb4 Nxb4 38. Rxb4 Rc2 39. Rxb6 Kg7 40. Rb7 Rcd2 41. h4 h5 42. g5 fxg5 43. hxg5 R2d5 44. Rxd7+ Rxd7 45. Ke4 Re7+ 46. Kd3 Kf7 47. f4 Rd7+ 48. Ke2 Ra7 49. Kf3 Ra3 50. Rb7+ Kg8 51. Ke4 h4 52. Rb1 Ra4+ 53. Kf3 Ra7 54. Rh1 Rh7 55. Kg4 Re7 56. Rh3 Kf7 57. Kxh4 Ke6 58. Kg4 Kd5 59. Kf3 Re6 60. Rh8 Rc6 61. Rf8 Ra6 62. e4+ Kd4 63. Rd8+ Kc5 64. f5 1-0

[Event "European Online Club-ch-I 2021"]
[Site "Online"]
[Date "2021.03.27"]
[Round "4.9"]
[White "Stephan, Victor"]
[Black "Batsiashvili, Nino"]
[Result "0-1"]
[ECO "E34"]
[WhiteElo "2430"]
[BlackElo "2491"]
[Annotator "ChessBase"]
[PlyCount "144"]
[EventDate "2021.03.27"]
[EventType "team-tourn"]
[EventCountry "NET"]
[SourceTitle "playchess.com"]
[Source "ChessBase"]
[SourceQuality "1"]
[TimeControl "900+5"]

1. d4 Nf6 2. c4 e6 3. Nc3 Bb4 4. Qc2 d5 5. cxd5 Qxd5 6. Nf3 O-O 7. Bd2 Bxc3 8. Bxc3 Ne4 9. e3 Nxc3 10. bxc3 c5 11. Bd3 h6 12. O-O Nc6 13. Rab1 b6 14. Bh7+ Kh8 15. Be4 Qd6 16. Ne5 Bb7 17. f4 cxd4 18. Bxc6 Bxc6 19. cxd4 Rac8 20. Rbc1 Bb7 21. Qb3 Kg8 22. Rxc8 Rxc8 23. f5 Qd5 24. Qxd5 Bxd5 25. fxe6 Bxe6 26. e4 Bxa2 27. Ra1 Rc2 28. d5 a5 29. Nc6 Rd2 30. Ne7+ Kh7 31. Rxa2 Rxa2 32. d6 Rd2 33. Nd5 a4 34. d7 a3 35. d8=Q a2 36. Nf6+ Kg6 37. Qxd2 a1=Q+ 38. Kf2 Qxf6+ 39. Ke2 Qe5 40. Qb4 Qc5 41. Qb1 Kh7 42. Qa2 Qh5+ 43. Kf2 b5 44. Qd5 Qh4+ 45. Ke3 Qg5+ 46. Kd4 Qd2+ 47. Kc5 Qxg2 48. Kxb5 Qg5 49. Kc6 Qf6+ 50. Kd7 g6 51. e5 Qf5+ 52. Ke7 Kg7 53. Qd6 g5 54. Qd4 Qe6+ 55. Kd8 h5 56. Qe3 Kg6 57. Qd3+ Kg7 58. Qe3 g4 59. Qf4 Qg6 60. Ke7 h4 61. Qd4 Qe6+ 62. Kd8 g3 63. Qxh4 g2 64. Qf2 Qg6 65. Qg1 Qg4 66. Ke7 Qe6+ 67. Kd8 Qd5+ 68. Kc8 Qf3 69. e6 fxe6 70. Qd4+ Kg6 71. Qb6 Kf5 72. h4 Qf1 0-1

[Event "European Online Club-ch-I 2021"]
[Site "Online"]
[Date "2021.03.27"]
[Round "4.10"]
[White "Bulmaga, Irina"]
[Black "Bilquez, Romain"]
[Result "1-0"]
[ECO "C11"]
[WhiteElo "2440"]
[BlackElo "2276"]
[Annotator "NA"]
[PlyCount "117"]
[EventDate "2021.03.27"]
[EventType "team-tourn"]
[EventCountry "NET"]
[SourceTitle "playchess.com"]
[Source "ChessBase"]
[SourceQuality "1"]
[TimeControl "900+5"]

1. e4 e6 2. d4 d5 3. Nc3 Nf6 4. e5 Nfd7 5. f4 c5 6. Nf3 Nc6 7. Be3 Qb6 8. Na4 Qa5+ 9. c3 c4 10. b4 Qa6 11. a3 b5 12. Nc5 Qb6 13. Be2 a5 14. O-O g6 15. Qd2 Nxc5 16. dxc5 Qc7 17. Nd4 Nxd4 18. Bxd4 h5 19. g3 Bd7 20. Bf3 a4 21. h3 Be7 22. Rae1 O-O-O 23. Kg2 Rdg8 24. g4 Rh7 25. Bf2 Rgh8 26. gxh5 gxh5 27. Kh1 Bc6 28. Qd4 Qd8 29. Rg1 Bh4 30. Rg2 Bxf2 31. Qxf2 f6 32. Rg6 Rh6 33. Rxh6 Rxh6 34. Qg3 fxe5 35. Rxe5 Qf6 36. f5 exf5 37. Qf4 Rg6 38. Rxf5 Qe6 39. Kh2 Qe1 40. Rf8+ Be8 41. Qf5+ Kd8 42. Rxe8+ Qxe8 43. Bxh5 Qe1 44. Bxg6 Qd2+ 45. Kg1 Qe3+ 46. Kg2 Qd2+ 47. Kg3 Qxc3+ 48. Kg4 Qd4+ 49. Kh5 c3 50. Qf8+ Kc7 51. Qd6+ Kb7 52. Qb6+ Ka8 53. Qa6+ Kb8 54. Qxb5+ Ka7 55. Qxa4+ Kb8 56. Qe8+ Ka7 57. Qe7+ Kb8 58. c6 Qe5+ 59. Qxe5+ 1-0

[Event "European Online Club-ch-I 2021"]
[Site "Online"]
[Date "2021.03.27"]
[Round "4.11"]
[White "Martsynovskaya, Marina"]
[Black "Atalik, Ekaterina"]
[Result "0-1"]
[ECO "B19"]
[WhiteElo "2046"]
[BlackElo "2430"]
[Annotator "NA"]
[PlyCount "120"]
[EventDate "2021.03.27"]
[EventType "team-tourn"]
[EventCountry "NET"]
[SourceTitle "playchess.com"]
[Source "ChessBase"]
[SourceQuality "1"]
[TimeControl "900+5"]

1. e4 c6 2. d4 d5 3. Nc3 dxe4 4. Nxe4 Bf5 5. Ng3 Bg6 6. Nf3 e6 7. h4 h6 8. h5 Bh7 9. Bd3 Bxd3 10. Qxd3 Nf6 11. Bd2 Be7 12. O-O-O O-O 13. Ne5 Nbd7 14. f4 c5 15. Nxd7 Qxd7 16. Bc3 cxd4 17. Bxd4 Qa4 18. Qb3 Qxb3 19. axb3 Nd5 20. Ne2 Rfd8 21. g3 Bf6 22. c3 Bxd4 23. Nxd4 Nf6 24. Rdg1 Rd5 25. g4 Ne4 26. Rh2 Rc8 27. Kb1 a5 28. Re2 Nf6 29. Rh2 Rcc5 30. Nf3 Kf8 31. g5 Nd7 32. Kc2 Rf5 33. Rg4 hxg5 34. Nxg5 Nf6 35. Rgh4 Ke7 36. c4 b5 37. Kd3 Rc7 38. Ne4 bxc4+ 39. bxc4 Nxe4 40. Kxe4 Rxc4+ 41. Ke3 Rcc5 42. Ke4 Rb5 43. Kf3 Rb3+ 44. Kg4 Rfb5 45. h6 gxh6 46. Rxh6 Rxb2 47. Rh1 a4 48. R6h3 R2b3 49. Rh8 Ra5 50. Ra1 a3 51. Rh2 Rb4 52. Rc2 Kf6 53. Raa2 Rba4 54. Kf3 Rf5 55. Rc3 Rfxf4+ 56. Ke3 Rh4 57. Rf2+ Kg6 58. Rg2+ Rhg4 59. Ra2 Rg3+ 60. Kd2 Rg2+ 0-1

[Event "European Online Club-ch-I 2021"]
[Site "Online"]
[Date "2021.03.27"]
[Round "4.12"]
[White "Daulyte-Cornette, Deimante"]
[Black "Devallee, Jeremie"]
[Result "1-0"]
[ECO "B23"]
[WhiteElo "2387"]
[BlackElo "2220"]
[Annotator "NA"]
[PlyCount "55"]
[EventDate "2021.03.27"]
[EventType "team-tourn"]
[EventCountry "NET"]
[SourceTitle "playchess.com"]
[Source "ChessBase"]
[SourceQuality "1"]
[TimeControl "900+5"]

1. e4 c5 2. Nc3 d6 3. f4 g6 4. Nf3 Bg7 5. Bb5+ Nd7 6. O-O a6 7. Bc4 e6 8. f5 Ne5 9. fxe6 fxe6 10. d3 Nf6 11. Nxe5 dxe5 12. Be3 Qc7 13. a4 b6 14. Qe2 O-O 15. Rf2 Bd7 16. Raf1 Ne8 17. Rxf8+ Bxf8 18. Qf2 Nd6 19. Nd5 Qd8 20. Nf6+ Kh8 21. Qh4 h5 22. Qg5 Be8 23. Nxh5 Qxg5 24. Rxf8+ Kh7 25. Bxg5 gxh5 26. Bxe6 Bc6 27. Rxa8 Bxa8 28. Bf6 1-0

[Event "European Online Club-ch-I 2021"]
[Site "Online"]
[Date "2021.03.27"]
[Round "4.13"]
[White "Moranda, Wojciech"]
[Black "Iskandarov, Misratdin"]
[Result "1-0"]
[ECO "E17"]
[WhiteElo "2618"]
[BlackElo "2535"]
[Annotator "ChessBase"]
[PlyCount "91"]
[EventDate "2021.03.27"]
[EventType "team-tourn"]
[EventCountry "NET"]
[SourceTitle "playchess.com"]
[Source "ChessBase"]
[SourceQuality "1"]
[TimeControl "900+5"]

1. d4 Nf6 2. c4 e6 3. Nf3 b6 4. g3 Bb7 5. Bg2 Be7 6. O-O O-O 7. Re1 d5 8. cxd5 exd5 9. Nc3 Nbd7 10. Bf4 a6 11. Qc2 Rc8 12. Rad1 Re8 13. Bh3 b5 14. Ne5 c5 15. Nxd7 Nxd7 16. dxc5 Bxc5 17. Qf5 Nf6 18. Bg5 Re6 19. Qf3 Qb6 20. Bxe6 fxe6 21. Bxf6 Rf8 22. e3 Rxf6 23. Qg4 Qc6 24. Rd4 b4 25. Nd1 e5 26. Rd2 d4 27. e4 Qe8 28. Qe2 Qf7 29. b3 Bb6 30. Nb2 a5 31. Qc4 Qxc4 32. Nxc4 Bc7 33. Kg2 Rc6 34. f4 exf4 35. Rxd4 fxg3 36. hxg3 Rg6 37. Re3 Bc6 38. Kf2 Rf6+ 39. Ke2 Rg6 40. e5 Rh6 41. e6 Rh2+ 42. Kd3 Be8 43. Rf3 Bg6+ 44. Ke3 Rh1 45. Rd7 Bxg3 46. Rd8+ 1-0

[Event "European Online Club-ch-I 2021"]
[Site "Online"]
[Date "2021.03.27"]
[Round "4.14"]
[White "Mammadzada, Gunay"]
[Black "Socko, Bartosz"]
[Result "0-1"]
[ECO "B19"]
[WhiteElo "2443"]
[BlackElo "2618"]
[Annotator "ChessBase"]
[PlyCount "132"]
[EventDate "2021.03.27"]
[EventType "team-tourn"]
[EventCountry "NET"]
[SourceTitle "playchess.com"]
[Source "ChessBase"]
[SourceQuality "1"]
[TimeControl "900+5"]

1. e4 c6 2. d4 d5 3. Nc3 dxe4 4. Nxe4 Bf5 5. Ng3 Bg6 6. h4 h6 7. Nf3 Nd7 8. Bd3 Bxd3 9. Qxd3 e6 10. Bd2 Ngf6 11. O-O-O a5 12. Kb1 a4 13. a3 Be7 14. Ne4 Nxe4 15. Qxe4 Nf6 16. Qf4 Qd5 17. Ne5 Bd6 18. f3 O-O-O 19. c4 Bxe5 20. dxe5 Qd3+ 21. Ka1 Rd4 22. Be3 Qxd1+ 23. Rxd1 Rxf4 24. Bxf4 Nd7 25. h5 Rd8 26. Kb1 Nb6 27. Rc1 Rd3 28. Rc2 Rd1+ 29. Bc1 Nd7 30. f4 Nc5 31. Rd2 Rf1 32. Kc2 Rxf4 33. Rd8+ Kxd8 34. Bxf4 Nd7 35. Kc3 c5 36. Kd3 Ke7 37. g4 f6 38. exf6+ Nxf6 39. Be5 Kf7 40. Bd6 Nd7 41. Ke4 Kf6 42. Bf4 e5 43. Be3 Ke6 44. Bf2 Nf6+ 45. Kf3 b6 46. Bh4 Kd7 47. Bg3 Kd6 48. Bh4 Ke6 49. Bg3 Ne8 50. Ke3 Nd6 51. Kd3 e4+ 52. Kc3 Ne8 53. Kd2 Nf6 54. Bc7 Nxg4 55. Bxb6 Kd6 56. Ke2 Ne5 57. Ba5 Nxc4 58. Bc3 Ne5 59. Ke3 Kd5 60. Kf4 Nd3+ 61. Ke3 Ne5 62. Kf4 g5+ 63. hxg6 Nxg6+ 64. Kf5 Ne7+ 65. Kg4 Kc4 66. Kf4 Nd5+ 0-1

[Event "European Online Club-ch-I 2021"]
[Site "Online"]
[Date "2021.03.27"]
[Round "4.15"]
[White "Tomczak, Jacek"]
[Black "Shahaliyev, Ismayil"]
[Result "1-0"]
[ECO "C41"]
[WhiteElo "2610"]
[BlackElo "2413"]
[Annotator "ChessBase"]
[PlyCount "149"]
[EventDate "2021.03.27"]
[EventType "team-tourn"]
[EventCountry "NET"]
[SourceTitle "playchess.com"]
[Source "ChessBase"]
[SourceQuality "1"]
[TimeControl "900+5"]

1. e4 d6 2. d4 Nf6 3. Nc3 e5 4. Nf3 exd4 5. Nxd4 Be7 6. g3 O-O 7. Bg2 Re8 8. O-O Bf8 9. Bf4 Nbd7 10. Qd2 Ne5 11. Rae1 c6 12. a4 a5 13. b3 Ng6 14. Be3 Ng4 15. Bg5 f6 16. Be3 Qc7 17. h3 Nxe3 18. Rxe3 Qb6 19. Kh2 Bd7 20. f4 Rad8 21. Rfe1 Bc8 22. h4 Nh8 23. Bh3 Bxh3 24. Kxh3 Nf7 25. Qd1 Rd7 26. Rd3 Qc5 27. h5 Kh8 28. Nf5 Rdd8 29. Kg2 Qb4 30. Qd2 Qc5 31. Re2 Rd7 32. Rd4 Rdd8 33. Qd3 Qb6 34. Qd1 Qc5 35. Rd3 Rd7 36. Ree3 Rdd8 37. Qf3 Qb4 38. Nd1 Qc5 39. Qe2 Qb4 40. Nf2 Qc5 41. Ng4 h6 42. Nf2 b5 43. axb5 Qxb5 44. Qg4 d5 45. exd5 cxd5 46. Nd4 Qb7 47. Kh2 Nd6 48. Qg6 Ne4 49. Nf5 Qc6 50. Nd4 Qb7 51. Ng4 Qc7 52. Re2 Qd7 53. Qf5 Qxf5 54. Nxf5 Nc5 55. Rxe8 Rxe8 56. Rd2 Rc8 57. Rxd5 a4 58. bxa4 Nxa4 59. Nge3 Bc5 60. Kg2 Nb6 61. Rd3 Kg8 62. Kf3 Kf7 63. Nd6+ Bxd6 64. Rxd6 Rb8 65. c4 g6 66. hxg6+ Kxg6 67. c5 Na4 68. c6 Rb3 69. f5+ Kg5 70. Rd4 Nb6 71. Rg4+ Kh5 72. Rg6 Nd5 73. g4+ Kh4 74. Rxh6+ Kg5 75. Rh5# 1-0

[Event "European Online Club-ch-I 2021"]
[Site "Online"]
[Date "2021.03.27"]
[Round "4.16"]
[White "Bashirli, Nail"]
[Black "Klekowski, Maciej"]
[Result "1-0"]
[ECO "B23"]
[WhiteElo "2382"]
[BlackElo "2510"]
[Annotator "ChessBase"]
[PlyCount "81"]
[EventDate "2021.03.27"]
[EventType "team-tourn"]
[EventCountry "NET"]
[SourceTitle "playchess.com"]
[Source "ChessBase"]
[SourceQuality "1"]
[TimeControl "900+5"]

1. e4 c5 2. Nc3 Nc6 3. Bb5 Nd4 4. Nf3 a6 5. Bd3 g6 6. O-O Bg7 7. Nxd4 cxd4 8. Ne2 d5 9. exd5 Qxd5 10. c3 dxc3 11. dxc3 Nf6 12. Qc2 O-O 13. Rd1 Qc6 14. Bf4 Re8 15. Nd4 Qb6 16. Re1 Nd5 17. Be5 f6 18. Bg3 e5 19. Bc4 Rd8 20. Qe4 exd4 21. Bxd5+ Kh8 22. Qe8+ Rxe8 23. Rxe8+ Bf8 24. Rxf8+ Kg7 25. Rg8+ Kh6 26. h4 Qa5 27. Bf3 g5 28. hxg5+ fxg5 29. Rd1 Qxa2 30. Rd8 Bf5 31. Rxa8 d3 32. Rf8 Bg6 33. Kh2 Qa4 34. b4 Kg7 35. Rb8 b5 36. Be5+ Kf7 37. Bd5+ Ke7 38. Rb7+ Kd8 39. Re1 d2 40. Bf6+ Kc8 41. Ree7 1-0

[Event "European Online Club-ch-I 2021"]
[Site "Online"]
[Date "2021.03.27"]
[Round "4.18"]
[White "Heberla, Bartlomiej"]
[Black "Mareco, Sandro"]
[Result "1-0"]
[ECO "D35"]
[WhiteElo "2556"]
[BlackElo "2629"]
[Annotator "ChessBase"]
[PlyCount "73"]
[EventDate "2021.03.27"]
[EventType "team-tourn"]
[EventCountry "NET"]
[SourceTitle "playchess.com"]
[Source "ChessBase"]
[SourceQuality "1"]
[TimeControl "900+5"]

1. d4 Nf6 2. c4 e6 3. Nc3 d5 4. cxd5 exd5 5. Bg5 c6 6. e3 Be7 7. Bd3 Nbd7 8. h3 Nf8 9. Nf3 Ne6 10. Bh4 g6 11. O-O O-O 12. Rb1 Ne8 13. Bxe7 Qxe7 14. b4 a6 15. a4 Ng5 16. b5 axb5 17. axb5 Ra3 18. Rc1 Nxf3+ 19. Qxf3 Qb4 20. Nxd5 cxd5 21. Rxc8 Rxd3 22. Qxd5 Rb3 23. Qxb7 Nd6 24. Rxf8+ Kxf8 25. Qb8+ Ne8 26. Qe5 f6 27. Qe4 Qxb5 28. Ra1 Qb7 29. Qc2 Qb6 30. Ra8 Rb1+ 31. Kh2 Qd6+ 32. f4 Rb8 33. Ra7 Qe6 34. Qc5+ Kg8 35. Re7 Qa2 36. Qc6 Ng7 37. Qc7 1-0

[Event "European Online Club-ch-I 2021"]
[Site "Online"]
[Date "2021.03.27"]
[Round "4.19"]
[White "Mchedlishvili, Mikheil"]
[Black "Polak, Tomas"]
[Result "1/2-1/2"]
[ECO "B12"]
[WhiteElo "2570"]
[BlackElo "2553"]
[Annotator "ChessBase"]
[PlyCount "98"]
[EventDate "2021.03.27"]
[EventType "team-tourn"]
[EventCountry "NET"]
[SourceTitle "playchess.com"]
[Source "ChessBase"]
[SourceQuality "1"]
[TimeControl "900+5"]

1. e4 c6 2. d4 d5 3. e5 Bf5 4. Nf3 e6 5. Be2 Nd7 6. O-O Bg6 7. Nbd2 Nh6 8. Nb3 Nf5 9. Bd2 Rc8 10. Rc1 h5 11. Ba5 b6 12. Bd2 Be7 13. c4 O-O 14. cxd5 cxd5 15. Bb5 Rxc1 16. Nxc1 Nb8 17. Qe2 Qc8 18. Nd3 a6 19. Rc1 Qb7 20. Ba4 h4 21. Nf4 Bh7 22. g4 hxg3 23. hxg3 Rc8 24. Qd1 b5 25. Rxc8+ Qxc8 26. Bc2 Nh6 27. Bxh7+ Kxh7 28. Ne2 Qc4 29. Qb1+ Kg8 30. Kf1 Nd7 31. b3 Qc7 32. Bxh6 gxh6 33. Kg2 Ba3 34. Qd3 Nf8 35. Nh2 Nh7 36. Qd2 Bf8 37. Ng4 a5 38. Nf4 b4 39. Nh5 Ng5 40. Ngf6+ Kh8 41. Qe2 Qc3 42. f4 Nh7 43. Nxh7 Kxh7 44. Qd1 Kh8 45. Kh3 Qe3 46. Qc2 Qc3 47. Qd1 Qe3 48. Nf6 Bg7 49. Nh5 Bf8 1/2-1/2

[Event "European Online Club-ch-I 2021"]
[Site "Online"]
[Date "2021.03.27"]
[Round "4.20"]
[White "Nayhebaver, Martin"]
[Black "Ibarra Jerez, Jose Carlos"]
[Result "0-1"]
[ECO "B45"]
[WhiteElo "2485"]
[BlackElo "2553"]
[Annotator "ChessBase"]
[PlyCount "90"]
[EventDate "2021.03.27"]
[EventType "team-tourn"]
[EventCountry "NET"]
[SourceTitle "playchess.com"]
[Source "ChessBase"]
[SourceQuality "1"]
[TimeControl "900+5"]

1. e4 c5 2. Nf3 e6 3. d4 cxd4 4. Nxd4 Nf6 5. Nc3 Nc6 6. Ndb5 Bc5 7. Bf4 O-O 8. Bc7 Qe7 9. Bd6 Bxd6 10. Qxd6 Qd8 11. Nc7 Rb8 12. a4 a6 13. Be2 Ne8 14. Nxe8 Rxe8 15. O-O Qb6 16. Rab1 Qb4 17. Qg3 d6 18. f4 b5 19. axb5 axb5 20. Kh1 Nd4 21. Bd3 Bb7 22. e5 Qc5 23. b4 Qc7 24. exd6 Qxd6 25. Ne4 Bxe4 26. Bxe4 f5 27. Bd3 Rbc8 28. Qf2 Red8 29. h3 h6 30. Rfd1 Qc6 31. Qe1 Rd5 32. Qe3 Kh7 33. Rbc1 Qc3 34. Kh2 Kh8 35. Qf2 Qxb4 36. Rb1 Qc3 37. Rdc1 b4 38. Qe1 b3 39. cxb3 Qxd3 40. Rxc8+ Kh7 41. b4 Ne2 42. Ra1 Qe3 43. Raa8 Rd2 44. Rh8+ Kg6 45. Qh4 Qg1# 0-1

[Event "European Online Club-ch-I 2021"]
[Site "Online"]
[Date "2021.03.27"]
[Round "5.2"]
[White "Verdier, Patrice"]
[Black "Heberla, Bartlomiej"]
[Result "0-1"]
[ECO "E94"]
[WhiteElo "2109"]
[BlackElo "2556"]
[Annotator "ChessBase"]
[PlyCount "94"]
[EventDate "2021.03.27"]
[EventType "team-tourn"]
[EventCountry "NET"]
[SourceTitle "playchess.com"]
[Source "ChessBase"]
[SourceQuality "1"]
[TimeControl "900+5"]

1. d4 Nf6 2. c4 d6 3. Nc3 Nbd7 4. e4 e5 5. Nf3 g6 6. Be2 Bg7 7. O-O O-O 8. Be3 c6 9. Qd2 Ng4 10. Bg5 f6 11. Bh4 g5 12. Bg3 h5 13. h3 Nh6 14. dxe5 dxe5 15. Rfd1 h4 16. Bh2 Qe7 17. Qd6 Qxd6 18. Rxd6 Nf7 19. Rd2 Nc5 20. b4 Ne6 21. g3 hxg3 22. fxg3 g4 23. hxg4 Bh6 24. Rdd1 a5 25. a3 Nd4 26. Kf2 Nc2 27. Ra2 Ne3 28. Rb1 Nxg4+ 29. Kg2 axb4 30. axb4 Ne3+ 31. Kf2 Be6 32. Nd2 Rxa2 33. Nxa2 Nd6 34. Bg1 Ra8 35. Nc3 Ndxc4 36. Nxc4 Nxc4 37. Bxc4 Bxc4 38. Kg2 Ra3 39. Nd1 Bd3 40. Rb2 Bxe4+ 41. Kh3 Bf3 42. Nf2 Ra1 43. Bh2 Kf7 44. Nd3 Ra8 45. Rf2 e4 46. Ne1 Be3 47. Rb2 Rh8# 0-1

[Event "European Online Club-ch-I 2021"]
[Site "Online"]
[Date "2021.03.27"]
[Round "5.3"]
[White "Polak, Tomas"]
[Black "Van Hoolandt, Patrick"]
[Result "1-0"]
[ECO "E24"]
[WhiteElo "2553"]
[BlackElo "2017"]
[Annotator "ChessBase"]
[PlyCount "59"]
[EventDate "2021.03.27"]
[EventType "team-tourn"]
[EventCountry "NET"]
[SourceTitle "playchess.com"]
[Source "ChessBase"]
[SourceQuality "1"]
[TimeControl "900+5"]

1. d4 Nf6 2. c4 e6 3. Nc3 Bb4 4. f3 d5 5. a3 Bxc3+ 6. bxc3 O-O 7. e3 c5 8. cxd5 Nxd5 9. Qd2 f5 10. Nh3 Nc6 11. Bc4 Qh4+ 12. Nf2 Nf6 13. O-O Rd8 14. Qe2 Kh8 15. Nd3 cxd4 16. cxd4 Nxd4 17. exd4 Qxd4+ 18. Nf2 Qxa1 19. Bb2 Qxf1+ 20. Kxf1 b5 21. Bxb5 Rb8 22. Be5 Rb7 23. g3 Rd5 24. a4 Nd7 25. Bc3 e5 26. Nd3 e4 27. Nf4 Rc5 28. Qd2 Rbc7 29. Nd5 e3 30. Qxe3 1-0

[Event "European Online Club-ch-I 2021"]
[Site "Online"]
[Date "2021.03.27"]
[Round "5.4"]
[White "Meylan, Pierre"]
[Black "Vavra, Michal"]
[Result "1-0"]
[ECO "B74"]
[WhiteElo "2053"]
[BlackElo "1986"]
[Annotator "NA"]
[PlyCount "77"]
[EventDate "2021.03.27"]
[EventType "team-tourn"]
[EventCountry "NET"]
[SourceTitle "playchess.com"]
[Source "ChessBase"]
[SourceQuality "1"]
[TimeControl "900+5"]

1. e4 c5 2. Nf3 d6 3. d4 cxd4 4. Nxd4 Nf6 5. Nc3 g6 6. Be2 Bg7 7. O-O O-O 8. Be3 Nc6 9. f4 Bd7 10. Bf3 Rc8 11. Nb3 Be6 12. Nd5 Nd7 13. c3 Bxd5 14. exd5 Na5 15. Nxa5 Qxa5 16. Kh1 Nb6 17. Qe2 Nxd5 18. Bxd5 Qxd5 19. Bxa7 Rfe8 20. Rfd1 Qf5 21. Qf3 Rc4 22. Be3 Qb5 23. Qe2 Rb4 24. Qxb5 Rxb5 25. Rd2 h5 26. Rad1 Ra8 27. a3 Rb3 28. Re1 Kf8 29. Ree2 Ra6 30. Kg1 Rc6 31. Kf1 Rc4 32. Ke1 Bh6 33. g3 Bg7 34. Kd1 Rb5 35. Kc2 d5 36. b3 Rxc3+ 37. Kd1 Rbxb3 38. Rxd5 Rxe3 39. Rd8# 1-0

[Event "European Online Club-ch-I 2021"]
[Site "Online"]
[Date "2021.03.27"]
[Round "5.5"]
[White "Iskandarov, Misratdin"]
[Black "Anton Guijarro, David"]
[Result "1-0"]
[ECO "B11"]
[WhiteElo "2535"]
[BlackElo "2673"]
[Annotator "ChessBase"]
[PlyCount "63"]
[EventDate "2021.03.27"]
[EventType "team-tourn"]
[EventCountry "NET"]
[SourceTitle "playchess.com"]
[Source "ChessBase"]
[SourceQuality "1"]
[TimeControl "900+5"]

1. e4 c6 2. Nc3 d5 3. Nf3 dxe4 4. Nxe4 Nf6 5. Qe2 Nxe4 6. Qxe4 Nd7 7. Bc4 Nf6 8. Ne5 e6 9. Qe2 b5 10. Bd3 Qc7 11. a4 Bd6 12. Nxc6 b4 13. Nd4 a6 14. b3 O-O 15. Bb2 e5 16. Nf5 e4 17. Nxd6 exd3 18. Qxd3 Qe7+ 19. Kf1 Rd8 20. Nf5 Bxf5 21. Qxf5 Ne4 22. Kg1 Nxd2 23. h4 Rac8 24. Rh3 Rc5 25. Qg4 f5 26. Qxb4 a5 27. Qf4 Rxc2 28. Re3 Qf7 29. Bxg7 Ne4 30. Bh6 Qg6 31. Rf1 Rdd2 32. Rxe4 1-0

[Event "European Online Club-ch-I 2021"]
[Site "Online"]
[Date "2021.03.27"]
[Round "5.6"]
[White "Mchedlishvili, Mikheil"]
[Black "Ibrahimov, Rasul"]
[Result "1-0"]
[ECO "B52"]
[WhiteElo "2570"]
[BlackElo "2527"]
[Annotator "ChessBase"]
[PlyCount "71"]
[EventDate "2021.03.27"]
[EventType "team-tourn"]
[EventCountry "NET"]
[SourceTitle "playchess.com"]
[Source "ChessBase"]
[SourceQuality "1"]
[TimeControl "900+5"]

1. e4 c5 2. Nf3 d6 3. Bb5+ Bd7 4. Bxd7+ Nxd7 5. O-O Ngf6 6. Qe2 Rc8 7. c3 e6 8. d4 cxd4 9. cxd4 d5 10. e5 Ng8 11. Nc3 a6 12. Qd3 Ne7 13. Bg5 h6 14. Bd2 Nc6 15. Ne2 Qb6 16. Bc3 Be7 17. Nf4 Nb4 18. Qd2 h5 19. Nh3 Nf8 20. a3 Nc6 21. Rac1 h4 22. Qf4 Ng6 23. Qg4 Rc7 24. Nfg5 Rh6 25. Kh1 Bd8 26. Rcd1 Nce7 27. Nxf7 Kxf7 28. Ng5+ Kg8 29. Nxe6 Rc6 30. Ng5 Qc7 31. f4 Nh8 32. f5 Qc8 33. e6 Rf6 34. Qxh4 Rh6 35. Qg4 Rf6 36. Qh5 1-0

[Event "European Online Club-ch-I 2021"]
[Site "Online"]
[Date "2021.03.27"]
[Round "5.7"]
[White "Muradli, Mahammad"]
[Black "Ibarra Jerez, Jose Carlos"]
[Result "1-0"]
[ECO "A21"]
[WhiteElo "2449"]
[BlackElo "2553"]
[Annotator "ChessBase"]
[PlyCount "75"]
[EventDate "2021.03.27"]
[EventType "team-tourn"]
[EventCountry "NET"]
[SourceTitle "playchess.com"]
[Source "ChessBase"]
[SourceQuality "1"]
[TimeControl "900+5"]

1. d4 d6 2. c4 e5 3. Nc3 exd4 4. Qxd4 Nc6 5. Qd2 Nf6 6. g3 Be6 7. Nd5 g6 8. b3 Bg7 9. Bb2 O-O 10. Bg2 Re8 11. e3 Ne5 12. Ne2 c6 13. Nxf6+ Qxf6 14. Nf4 Bg4 15. O-O Rad8 16. h3 Bf3 17. Qc2 g5 18. Bxe5 dxe5 19. Bxf3 exf4 20. exf4 gxf4 21. Rad1 Rxd1 22. Qxd1 Rd8 23. Qe1 Bf8 24. g4 Bc5 25. Kg2 Qb2 26. h4 Qxa2 27. Qe5 Qa5 28. Qg5+ Kf8 29. Qh6+ Kg8 30. Be4 f5 31. Bxf5 f3+ 32. Kh3 Bd4 33. Qxh7+ Kf8 34. Be6 Bg7 35. Qg8+ Ke7 36. Qf7+ Kd6 37. Rd1+ Kc5 38. Qf5+ 1-0